NWL (28 & UNDER)
BISMARK BORDER GUARDS @ BISMARCK BARONS
05/10/2029
 
TOP OF THE 1ST
Bismark Border Guards batting - Pitching for Bismarck Barons : RHP Robinson Alomar
Pitching: RHP Robinson Alomar
Batting: RHB Richie Sawyer 0-0: Ball
1-0: Called Strike
1-1: Swinging Strike
1-2: Strikes out swinging
Batting: RHB Alfredo Farías 0-0: Called Strike
0-1: Called Strike
0-2: Foul Ball, location: 2F
0-2: Foul Ball, location: 2F
0-2: Ball
1-2: Ball
2-2: SINGLE (Line Drive, 6MD)
Batting: RHB Vincent Braun 0-0: Ball
1-0: Ball
Alfredo Farías is caught stealing 2nd base
2-0: Foul Ball, location: 2F
2-1: Foul Ball, location: 2F
2-2: Strikes out swinging
Top of the 1st over - 0 runs, 1 hit, 0 errors, 0 left on base; Bismark 0 - Bismarck 0
BOTTOM OF THE 1ST
Bismarck Barons batting - Pitching for Bismark Border Guards : RHP Adrián Sandoval
Pitching: RHP Adrián Sandoval
Batting: RHB Xie-li Fong 0-0: Ball
1-0: Swinging Strike
1-1: Ball
2-1: Hit by Pitch
Batting: RHB Dave Anderson 0-0: Ball
1-0: Grounds into double play, 6-4-3 (Groundball, 6)
Batting: RHB Jason Stover 0-0: Fly out, F8 (Flyball, 89XD)
Bottom of the 1st over - 0 runs, 0 hits, 0 errors, 0 left on base; Bismark 0 - Bismarck 0
TOP OF THE 2ND
Bismark Border Guards batting - Pitching for Bismarck Barons : RHP Robinson Alomar
Batting: RHB Leonard Harris 0-0: Ball
1-0: Called Strike
1-1: Swinging Strike
1-2: Fly out, F7 (Flyball, 78XD)
Batting: LHB Carlos Valentín 0-0: SOLO HOME RUN (Flyball, 89XD), Distance : 377 ft
Batting: RHB Cipriano Baca 0-0: Ball
1-0: Called Strike
1-1: Swinging Strike
1-2: Ball
2-2: Strikes out swinging
Batting: RHB Rodrigo García 0-0: Ball
1-0: Called Strike
1-1: Ground out 6-3 (Groundball, 6)
Top of the 2nd over - 1 run, 1 hit, 0 errors, 0 left on base; Bismark 1 - Bismarck 0
BOTTOM OF THE 2ND
Bismarck Barons batting - Pitching for Bismark Border Guards : RHP Adrián Sandoval
Batting: RHB Jesús Ramos 0-0: Ball
1-0: Swinging Strike
1-1: Swinging Strike
1-2: Ball
2-2: Strikes out looking
Batting: RHB Fernando Castellanos 0-0: Ball
1-0: Ball
2-0: Foul Ball, location: 2F
2-1: Swinging Strike
2-2: Strikes out swinging
Batting: LHB Jorge Fernández 0-0: Called Strike
0-1: Foul Ball, location: 2F
0-2: Ball
1-2: Ground out 4-3 (Groundball, 4)
Bottom of the 2nd over - 0 runs, 0 hits, 0 errors, 0 left on base; Bismark 1 - Bismarck 0
TOP OF THE 3RD
Bismark Border Guards batting - Pitching for Bismarck Barons : RHP Robinson Alomar
Batting: RHB José Vidal 0-0: Ball
1-0: Called Strike
1-1: Ground out 3-1 (Groundball, 34)
Batting: SHB Troy Holland 0-0: Ball
1-0: Called Strike
1-1: Called Strike
1-2: Ball
2-2: Fly out, F7 (Flyball, 78S)
Batting: RHB Richie Sawyer 0-0: Foul Ball, location: 2F
0-1: Ball
1-1: Called Strike
1-2: Foul Ball, location: 2F
1-2: Ball
2-2: Strikes out looking
Top of the 3rd over - 0 runs, 0 hits, 0 errors, 0 left on base; Bismark 1 - Bismarck 0
BOTTOM OF THE 3RD
Bismarck Barons batting - Pitching for Bismark Border Guards : RHP Adrián Sandoval
Batting: RHB Dennis Garner 0-0: Ball
1-0: Fly out, F8 (Flyball, 8RXD)
Batting: RHB Eugenio Maldonado 0-0: Foul Ball, location: 2F
0-1: Foul Ball, location: 2F
0-2: Hit by Pitch
Batting: RHB José Ruíz 0-0: Foul Ball, location: 2F
0-1: Called Strike
0-2: Ball
1-2: Strikes out swinging
Batting: RHB Xie-li Fong 0-0: Called Strike
0-1: Foul Ball, location: 2F
0-2: Ball
1-2: Ball
2-2: Strikes out swinging
Bottom of the 3rd over - 0 runs, 0 hits, 0 errors, 1 left on base; Bismark 1 - Bismarck 0
TOP OF THE 4TH
Bismark Border Guards batting - Pitching for Bismarck Barons : RHP Robinson Alomar
Batting: RHB Alfredo Farías 0-0: Swinging Strike
0-1: Ball
1-1: Fly out, F8 (Line Drive, 8RM)
Batting: RHB Vincent Braun 0-0: Called Strike
0-1: Ball
1-1: Foul Ball, location: 2F
1-2: Foul Ball, location: 2F
1-2: Ball
2-2: Ball
3-2: Foul Ball, location: 2F
3-2: Foul Ball, location: 2F
3-2: Base on Balls
Batting: RHB Leonard Harris 0-0: Foul Ball, location: 2F
0-1: Grounds into double play, 6-4-3 (Groundball, 6)
Top of the 4th over - 0 runs, 0 hits, 0 errors, 0 left on base; Bismark 1 - Bismarck 0
BOTTOM OF THE 4TH
Bismarck Barons batting - Pitching for Bismark Border Guards : RHP Adrián Sandoval
Batting: RHB Dave Anderson 0-0: Called Strike
0-1: Ball
1-1: Ball
2-1: Called Strike
2-2: Foul Ball, location: 2F
2-2: Fly out, F8 (Flyball, 8RS)
Batting: RHB Jason Stover 0-0: Ball
1-0: Ball
2-0: SINGLE (Line Drive, 7S)
Batting: RHB Jesús Ramos 0-0: Called Strike
0-1: Ball
1-1: Ball
Jason Stover steals 2nd base
2-1: Ground out 4-3 (Groundball, 4)
Jason Stover to third
Batting: RHB Fernando Castellanos 0-0: Ball
1-0: Foul Ball, location: 2F
1-1: Called Strike
1-2: Strikes out swinging
Bottom of the 4th over - 0 runs, 1 hit, 0 errors, 1 left on base; Bismark 1 - Bismarck 0
TOP OF THE 5TH
Bismark Border Guards batting - Pitching for Bismarck Barons : RHP Robinson Alomar
Batting: LHB Carlos Valentín 0-0: Called Strike
0-1: Called Strike
0-2: Ball
1-2: Ball
2-2: Strikes out looking
Batting: RHB Cipriano Baca 0-0: SINGLE (Groundball, 6D)
Batting: RHB Rodrigo García 0-0: Called Strike
0-1: Ball
1-1: Ball
2-1: Ball
3-1: Foul Ball, location: 2F
3-2: Base on Balls
Cipriano Baca to second
Batting: RHB José Vidal 0-0: Ball
1-0: Called Strike
1-1: Ball
2-1: Called Strike
Cipriano Baca steals 3rd base
2-2: Foul Ball, location: 2F
2-2: Strikes out swinging
Batting: SHB Troy Holland 0-0: Ball
1-0: Ground out 4-3 (Groundball, 4)
Top of the 5th over - 0 runs, 1 hit, 0 errors, 2 left on base; Bismark 1 - Bismarck 0
BOTTOM OF THE 5TH
Bismarck Barons batting - Pitching for Bismark Border Guards : RHP Adrián Sandoval
Batting: LHB Jorge Fernández 0-0: Called Strike
0-1: Ball
1-1: Ball
2-1: Foul Ball, location: 2F
2-2: Foul Ball, location: 2F
2-2: Strikes out looking
Batting: RHB Dennis Garner 0-0: Foul Ball, location: 2F
0-1: Called Strike
0-2: Strikes out swinging
Batting: RHB Eugenio Maldonado 0-0: Ball
1-0: Called Strike
1-1: Ball
2-1: Foul Ball, location: 2F
2-2: Foul Ball, location: 2F
2-2: Ball
3-2: Base on Balls
Pitching: RHP Sean Hart
Batting: RHB José Ruíz 0-0: Foul Ball, location: 2F
0-1: Ball
1-1: Fly out, F9 (Flyball, 9)
Bottom of the 5th over - 0 runs, 0 hits, 0 errors, 1 left on base; Bismark 1 - Bismarck 0
TOP OF THE 6TH
Bismark Border Guards batting - Pitching for Bismarck Barons : RHP Robinson Alomar
Batting: RHB Richie Sawyer 0-0: Ball
1-0: Ball
2-0: DOUBLE (Flyball, 78XD)
Batting: RHB Alfredo Farías 0-0: Ball
1-0: Ball
2-0: Called Strike
2-1: SINGLE (Groundball, 3D)
Richie Sawyer to third
Runner from 3rd tries for Home, throw and OUT!
Alfredo Farías to second
Batting: RHB Vincent Braun 0-0: Ball
1-0: Ball
2-0: Ball
3-0: Base on Balls
Batting: RHB Leonard Harris 0-0: Ball
1-0: Hit by Pitch
Alfredo Farías to third
Vincent Braun to second
Batting: LHB Carlos Valentín 0-0: Swinging Strike
0-1: Ball
1-1: Foul Ball, location: 2F
1-2: Ball
2-2: Ball
3-2: Strikes out swinging
Batting: RHB Cipriano Baca 0-0: Ball
1-0: DOUBLE (Line Drive, 8RD)
Alfredo Farías scores
Vincent Braun scores
Leonard Harris to third
Runner from 3rd tries for Home, SAFE, no throw
Batting: RHB Rodrigo García 0-0: Ground out 4-3 (Groundball, 4S)
Top of the 6th over - 3 runs, 3 hits, 0 errors, 1 left on base; Bismark 4 - Bismarck 0
BOTTOM OF THE 6TH
Bismarck Barons batting - Pitching for Bismark Border Guards : RHP Sean Hart
Batting: RHB Xie-li Fong 0-0: Ground out 4-3 (Groundball, 34)
Batting: RHB Dave Anderson 0-0: Ball
1-0: Ball
2-0: Called Strike
2-1: Fly out, F4 (Popup, 4S)
Batting: RHB Jason Stover 0-0: Called Strike
0-1: Foul Ball, location: 2F
0-2: Ball
1-2: Ground out 5-3 (Groundball, 5)
Bottom of the 6th over - 0 runs, 0 hits, 0 errors, 0 left on base; Bismark 4 - Bismarck 0
TOP OF THE 7TH
Bismark Border Guards batting - Pitching for Bismarck Barons : RHP Robinson Alomar
Pitching: RHP Alfredo Escamilla
Batting: RHB José Vidal 0-0: Called Strike
0-1: Foul Ball, location: 2F
0-2: Ball
1-2: Strikes out looking
Batting: SHB Troy Holland 0-0: SINGLE (Flyball, 7S)
Batting: RHB Richie Sawyer 0-0: Ball
1-0: Called Strike
1-1: Swinging Strike
1-2: Strikes out looking
Batting: RHB Alfredo Farías 0-0: Ball
Troy Holland steals 2nd base
1-0: Ball
2-0: Called Strike
2-1: Foul Ball, location: 2F
2-2: Fly out, F8 (Flyball, 8RS)
Top of the 7th over - 0 runs, 1 hit, 0 errors, 1 left on base; Bismark 4 - Bismarck 0
BOTTOM OF THE 7TH
Bismarck Barons batting - Pitching for Bismark Border Guards : RHP Sean Hart
Batting: RHB Jesús Ramos 0-0: Called Strike
0-1: Ball
1-1: Swinging Strike
1-2: Foul Ball, location: 2F
1-2: Ball
2-2: Foul Ball, location: 2F
2-2: Ball
3-2: Foul Ball, location: 2F
3-2: Ground out 5-3 (Groundball, 5)
Batting: RHB Fernando Castellanos 0-0: Ball
1-0: Foul Ball, location: 2F
1-1: DOUBLE (Line Drive, 7LM)
Batting: LHB Jorge Fernández 0-0: Ball
1-0: Ball
2-0: Ball
3-0: Called Strike
3-1: Called Strike
3-2: Foul Ball, location: 2F
3-2: Strikes out looking
Batting: RHB Dennis Garner 0-0: Fly out, F7 (Flyball, 7LS)
Bottom of the 7th over - 0 runs, 1 hit, 0 errors, 1 left on base; Bismark 4 - Bismarck 0
TOP OF THE 8TH
Bismark Border Guards batting - Pitching for Bismarck Barons : RHP Alfredo Escamilla
Batting: RHB Vincent Braun 0-0: Swinging Strike
0-1: Ball
1-1: Called Strike
1-2: Strikes out looking
Batting: RHB Leonard Harris 0-0: Ball
1-0: Ball
2-0: Ball
3-0: Base on Balls
Batting: LHB Carlos Valentín 0-0: Ball
1-0: Fielders Choice at 2nd, 3-6 (Groundball, 3)
Batting: RHB Cipriano Baca 0-0: Ball
1-0: Ball
2-0: Foul Ball, location: 2F
2-1: Foul Ball, location: 2F
2-2: Ball
3-2: SINGLE (Line Drive, 56D)
Carlos Valentín to second
Carlos Valentín to third
Batting: RHB Rodrigo García 0-0: Fly out, F8 (Flyball, 8RS)
Top of the 8th over - 0 runs, 1 hit, 0 errors, 2 left on base; Bismark 4 - Bismarck 0
BOTTOM OF THE 8TH
Bismarck Barons batting - Pitching for Bismark Border Guards : RHP Sean Hart
Batting: RHB Eugenio Maldonado 0-0: Called Strike
0-1: Ball
1-1: Fly out, F7 (Flyball, 78M)
Batting: RHB José Ruíz 0-0: Ball
1-0: Foul Ball, location: 2F
1-1: Ground out U3 (Groundball, 34)
Batting: RHB Xie-li Fong 0-0: Fly out, F9 (Line Drive, 9D)
Bottom of the 8th over - 0 runs, 0 hits, 0 errors, 0 left on base; Bismark 4 - Bismarck 0
TOP OF THE 9TH
Bismark Border Guards batting - Pitching for Bismarck Barons : RHP Alfredo Escamilla
Pitching: RHP Ignacio Beltrán
Batting: RHB José Vidal 0-0: Called Strike
0-1: Ball
1-1: Ball
2-1: Ball
3-1: Called Strike
3-2: Base on Balls
Batting: SHB Troy Holland 0-0: Bunted foul
0-1: Ball
1-1: Sac Bunt - play at first, batter OUT! 5-4
José Vidal to second
Batting: RHB Richie Sawyer 0-0: Ball
1-0: Ball
2-0: Ball
3-0: Base on Balls
Batting: RHB Alfredo Farías 0-0: Ball
José Vidal is caught stealing 3rd base
1-0: Swinging Strike
1-1: Ball
2-1: Foul Ball, location: 2F
2-2: SINGLE (Groundball, 56S) (infield hit)
Richie Sawyer to second
Batting: RHB Vincent Braun 0-0: Foul Ball, location: 2F
0-1: Ball
1-1: Foul Ball, location: 2F
1-2: Fly out, F4 (Line Drive, 4)
Top of the 9th over - 0 runs, 1 hit, 0 errors, 2 left on base; Bismark 4 - Bismarck 0
BOTTOM OF THE 9TH
Bismarck Barons batting - Pitching for Bismark Border Guards : RHP Sean Hart
Batting: RHB Dave Anderson 0-0: Ball
1-0: Ball
2-0: Ball
3-0: Base on Balls
Batting: RHB Jason Stover 0-0: Ball
1-0: Ball
2-0: Called Strike
2-1: Ball
3-1: Base on Balls
Dave Anderson to second
Pitching: RHP César Rodríguez
Batting: RHB Jesús Ramos 0-0: Called Strike
0-1: SINGLE (Line Drive, 56D)
Dave Anderson to third
Jason Stover to second
Batting: RHB Fernando Castellanos 0-0: Ball
1-0: Ball
2-0: Called Strike
2-1: Ball
3-1: Foul Ball, location: 2F
3-2: Foul Ball, location: 2F
3-2: Base on Balls
Dave Anderson scores
Jason Stover to third
Jesús Ramos to second
Batting: LHB Jorge Fernández 0-0: Ball
1-0: Foul Ball, location: 2F
1-1: Swinging Strike
1-2: Foul Ball, location: 2F
1-2: Fly out, F9 (Flyball, 9)
Runner from 3rd tags up, SCORES, no throw
Pinch Hitting: LHB Corey MacGregor 0-0: Ball
Wild Pitch!
Jesús Ramos to third
Fernando Castellanos to second
1-0: Called Strike
1-1: Called Strike
1-2: Ball
2-2: Foul Ball, location: 2F
2-2: Foul Ball, location: 2F
2-2: Strikes out swinging
Batting: RHB Eugenio Maldonado 0-0: Ball
Wild Pitch!
Jesús Ramos scores
Fernando Castellanos to third
1-0: Foul Ball, location: 2F
1-1: Called Strike
1-2: Strikes out looking
Bottom of the 9th over - 3 runs, 1 hit, 0 errors, 1 left on base; Bismark 4 - Bismarck 3
Saturday, December 16th, 2017 - OOTP Baseball 18.8 Build 76